Map: Central Protocol

Players

Dragonite

  • Race: Protoss Protoss
  • League: Diamond

Miszu - Winner!

  • Race: Terran Terran
  • League: Master

VOD

Have the link to the VOD?

Description

Time

  • Played on: March 7, 2016, 6:38 p.m.
  • Length: 14:50
Show
View Real Time Build Order
Export as new Build Order

Dragonite Protoss 

Build Orders: Oracle Opening 

Get SALT Encoding   

  12  0:01  Probe (Chrono Boost)  
  13  0:11  Probe (Chrono Boost)  
  14  0:18  Pylon  
  14  0:22  Probe (Chrono Boost)  
  15  0:36  Probe (Chrono Boost)  
  15  0:38  Gateway  
  16  0:47  Probe (Chrono Boost)  
  17  0:51  Assimilator  
  17  0:57  Probe (Chrono Boost)  
  18  1:04  Assimilator  
  18  1:08  Probe (Chrono Boost)  
  19  1:17  Gateway  
  20  1:18  Probe (Chrono Boost)  
  20  1:28  Cybernetics Core  
  20  1:31  Probe (Chrono Boost)  
  21  1:42  Pylon  
  21  1:43  Probe (Chrono Boost)  
  23  1:54  Probe (Chrono Boost)  
  23  2:06  Stalker x2  
  26  2:08  Warp Gate (Chrono Boost)  
  26  2:29  Pylon  
  28  2:30  Mothership Core (Chrono Boost)  
  28  2:49  Stargate  
  28  3:04  Nexus  
  28  3:05  Adept  
  30  3:09  Probe (Chrono Boost)  
  31  3:15  Adept  
  33  3:49  Oracle  
  33  3:53  Gateway  
  36  4:00  Probe (Chrono Boost)  
  37  4:11  Probe (Chrono Boost)  
  37  4:16  Pylon  
  38  4:18  Pylon  
  25  4:42  Probe (Chrono Boost)  
  26  4:45  Phoenix  
  26  4:46  Pylon  
  26  4:48  Pylon  
  26  4:49  Probe (Chrono Boost)  
  29  4:57  Adept  
  31  5:04  Probe (Chrono Boost)  
  31  5:06  Pylon  
  32  5:07  Adept x2  
  36  5:16  Phoenix  
  36  5:31  Adept  
  36  5:32  Probe (Chrono Boost)  
  31  5:57  Probe x2 (Chrono Boost)  
  31  5:58  Phoenix  
  30  6:08  Probe x2 (Chrono Boost)  
  32  6:11  Pylon  
  32  6:15  Adept x3  
  39  6:18  Probe x2 (Chrono Boost)  
  40  6:29  Probe x2 (Chrono Boost)  
  42  6:34  Phoenix  
  42  6:39  Probe (Chrono Boost)  
  46  6:40  Probe (Chrono Boost)  
  46  6:47  Twilight Council  
  46  6:52  Probe x2 (Chrono Boost)  
  48  7:11  Phoenix  
  50  7:15  Probe x2 (Chrono Boost)  
  50  7:19  Assimilator  
  50  7:21  Adept x2  
  54  7:23  Assimilator  
  54  7:24  Adept  
  54  7:26  Pylon, Probe x2 (Chrono Boost)  
  58  7:35  Probe (Chrono Boost), Pylon, Resonating Glaives (Chrono Boost)  
  58  7:36  Probe  
  60  7:45  Probe  
  60  7:48  Probe  
  62  7:53  Robotics Facility  
  62  7:56  Probe  
  62  7:57  Gateway  
  63  8:00  Probe  
  64  8:06  Probe  
  64  8:11  Adept x3  
  71  8:13  Probe  
  72  8:21  Gateway  
  72  8:23  Gateway  
  72  8:34  Phoenix  
  72  8:39  Probe  
  72  8:40  Warp Prism  
  77  8:48  Gateway  
  77  8:50  Probe  
  77  8:52  Probe  
  79  9:01  Adept x4  
  87  9:21  Pylon  
  87  9:22  Adept x3  
  87  9:23  Pylon  
  93  9:26  Adept  
  95  9:31  Pylon  
  95  9:49  Adept x3  
  95  9:50  Adept x3  
  91  10:15  Adept x6  
  53  10:43  Dark Shrine  
  53  10:49  Warp Prism  
  53  10:50  Probe  
  53  10:52  Adept x6  
  66  11:16  Nexus  
  66  11:25  Sentry x2  
  66  11:26  Adept x2  
  66  11:27  Adept x2  
  69  11:56  Dark Templar  
  69  11:57  Dark Templar x3  
  65  12:02  Dark Templar x3  
  52  12:30  Dark Templar  
  52  12:31  Dark Templar x3  
  56  12:40  Dark Templar x3  
  58  13:05  Dark Templar  
  55  13:28  Dark Templar  
Show
View Real Time Build Order
Export as new Build Order

Miszu Terran - Winner!

Build Orders: Liberator Opening 

Get SALT Encoding   

  12  0:00  SCV  
  13  0:13  SCV  
  14  0:17  Supply Depot  
  14  0:27  SCV  
  15  0:39  SCV  
  15  0:41  Barracks  
  16  0:44  Refinery  
  16  0:51  SCV  
  17  1:03  SCV  
  18  1:13  Refinery  
  18  1:15  SCV  
  19  1:28  Marine  
  19  1:30  Supply Depot  
  19  1:32  Orbital Command  
  20  1:46  Marine  
  21  1:48  Factory  
  21  1:58  SCV  
  22  2:04  Marine  
  23  2:10  SCV  
  24  2:17  Supply Depot  
  24  2:22  Marine, SCV  
  26  2:33  Starport  
  26  2:34  Factory Tech Lab, SCV  
  27  2:39  Marine  
  28  2:47  SCV  
  29  2:55  Hellion  
  31  2:59  Supply Depot, SCV  
  31  3:01  Marine  
  33  3:11  Medivac  
  35  3:13  SCV  
  36  3:20  Marine  
  36  3:23  Hellion  
  39  3:28  SCV  
  39  3:33  Liberator  
  40  3:37  Marine  
  41  3:41  SCV  
  40  3:51  Siege Tank  
  40  3:53  SCV  
  46  4:00  Marine  
  45  4:05  SCV  
  41  4:30  SCV  
  38  4:33  Viking  
  38  4:42  SCV  
  39  4:45  Widow Mine  
  39  4:54  SCV  
  39  5:18  Command Center, SCV  
  39  5:20  Supply Depot  
  40  5:30  SCV  
  40  5:32  Marine, Siege Tank  
  45  5:45  Barracks  
  45  5:49  Marine  
  42  6:01  SCV  
  35  6:07  Marine  
  34  6:11  Barracks  
  34  6:13  SCV  
  35  6:19  Liberator  
  35  6:25  Marine  
  37  6:26  SCV  
  37  6:33  Starport Reactor, Siege Tank  
  37  6:35  Barracks Tech Lab  
  37  6:39  SCV  
  45  6:43  Orbital Command  
  45  6:44  Marine  
  44  6:53  Marine  
  45  6:56  SCV  
  45  7:00  Marine  
  47  7:02  Marine  
  47  7:04  Stimpack  
  47  7:08  SCV  
  48  7:11  SCV  
  48  7:12  Marine  
  50  7:18  Marine  
  50  7:20  SCV  
  52  7:23  SCV  
  52  7:26  Starport Reactor  
  54  7:30  Marine  
  54  7:32  SCV  
  54  7:33  Siege Tank  
  54  7:35  SCV  
  60  7:41  Barracks Reactor  
  59  7:44  SCV  
  59  7:45  Barracks Reactor  
  59  7:46  Barracks  
  59  7:47  Barracks, SCV  
  59  7:48  Supply Depot  
  61  7:53  Engineering Bay  
  61  7:56  Refinery, SCV  
  62  7:59  SCV  
  61  8:08  SCV  
  61  8:11  Marine, SCV  
  63  8:20  SCV  
  63  8:23  Terran Infantry Weapons Level 1, SCV  
  63  8:27  Marine x4  
  65  8:29  Marine  
  65  8:30  Medivac  
  65  8:33  SCV  
  73  8:34  Missile Turret  
  73  8:39  Missile Turret  
  73  8:42  Supply Depot  
  73  8:46  Marine x2  
  73  8:48  Marine  
  76  8:51  Barracks Reactor  
  76  8:53  Barracks Reactor  
  76  8:55  SCV  
  78  9:02  Supply Depot  
  78  9:03  SCV  
  78  9:05  Supply Depot, Medivac  
  78  9:08  Combat Shields  
  80  9:10  Medivac  
  80  9:13  Siege Tank  
  85  9:21  Marine  
  86  9:27  Marine x2  
  86  9:28  Marine x4  
  86  9:29  Marine  
  93  9:34  Supply Depot  
  93  9:37  Marine  
  94  9:38  Marine  
  94  9:39  Supply Depot  
  94  9:40  Medivac  
  94  9:44  Medivac  
  94  9:45  Marine  
  100  9:53  Refinery  
  100  9:56  Siege Tank  
  85  10:16  Marine x4  
  76  10:26  Liberator x2, SCV x2  
  74  10:35  Marine  
  74  10:39  Marine  
  74  10:42  Marine  
  72  10:49  Marine  
  79  10:50  Marine  
  81  11:06  SCV x2  
  81  11:08  Marine  
  81  11:10  Marine  
  85  11:15  Terran Infantry Armor Level 1  
  85  11:18  SCV x2  
  87  11:24  Marine x3  
  91  11:26  Marine  
  91  11:28  Siege Tank  
  93  11:37  Marine x3  
  93  11:38  Marine x2  
  98  11:46  Marine  
  98  11:47  Marine x3  
  96  11:55  Marine x2  
  96  11:58  Marine  
  99  12:05  Marine x4  
  103  12:11  Marine x2  
  103  12:13  Marine x2  
  104  12:16  Marine  
  102  12:22  Marine  
  102  12:23  Marine x3  
  102  12:29  Marine x2  
  103  12:30  Marine  
  103  12:36  Missile Turret  
  104  12:40  Marine  
  81  13:34  Missile Turret  
  72  13:48  Orbital Command  
  68  14:17  Missile Turret  
  68  14:23  Marine  
Tags
 
Add a new tag
Caveats
  • Supply blocks, unpowered buildings, or Contaminate may cause inaccurate times.
  • Supply counts are checked every 10 seconds.